 Dungeon Crawl Stone Soup version 0.22-a0-396-g3f858e3 (webtiles) character file.

434 Firecrotchwizard the Firebug (level 7, -8/50 HPs)
             Began as a Hill Orc Fire Elementalist on May 3, 2018.
             Was a Follower of Vehumet.
             Mangled by a gnoll
             ... wielding a +0 whip of freezing
              (10 damage)
             ... on level 3 of the Dungeon.
             The game lasted 00:08:01 (4217 turns).

Firecrotchwizard the Firebug (HOFE)                 Turns: 4217, Time: 00:08:02

Health: -8/50      AC:  3    Str: 11    XL:     7   Next: 0%
Magic:  0/11       EV: 12    Int: 17    God:    Vehumet [*.....]
Gold:   116        SH:  0    Dex: 11    Spells: 3/11 levels left

rFire    . . .     SeeInvis .   e - +0 hand axe (chop)
rCold    . . .     Gourm    .   (no shield)
rNeg     . . .     Faith    .   a - +0 robe
rPois    .         Spirit   .   p - +0 helmet
rElec    .         Reflect  .   (no cloak)
rCorr    .         Harm     .   (no gloves)
MR       .....                  (no boots)
Stlth    ++........             (no amulet)
HPRegen  0.16/turn              (no ring)
MPRegen  0.12/turn              (no ring)

@: no status effects
A: no striking features
a: Renounce Religion


You were on level 3 of the Dungeon.
You worshipped Vehumet.
Vehumet was aware of your devotion.
You were not hungry.

You visited 1 branch of the dungeon, and saw 4 of its levels.

You collected 116 gold pieces.

Inventory:

Hand Weapons
 e - a +0 hand axe of chopping (weapon)
   (You found it on level 1 of the Dungeon)
 j - a cursed -2 hunting sling
   (You took it off a goblin on level 2 of the Dungeon)
Armour
 a - a +0 robe (worn)
 f - a +0 ring mail
   (You found it on level 1 of the Dungeon)
 h - a +0 chain mail
   (You found it on level 1 of the Dungeon)
 p - a +0 helmet (worn)
   (You took it off Robin on level 2 of the Dungeon)
Jewellery
 l - a cursed amulet of magic regeneration {unknown}
   (You found it on level 2 of the Dungeon)
Wands
 r - a wand of random effects (21)
   (You took it off Natasha on level 2 of the Dungeon)
Scrolls
 b - a scroll of teleportation {unknown}
 i - a scroll of enchant armour {unknown}
 k - a scroll of amnesia {unknown}
 n - a scroll of magic mapping {unknown}
 o - a scroll of remove curse {unknown}
 t - 2 scrolls of immolation {unknown}
 u - a scroll of fog {unknown}
Potions
 d - 2 potions of degeneration {unknown}
 g - a potion of flight {unknown}
 m - a potion of brilliance {unknown}
 q - a potion of heal wounds {unknown}
 s - a potion of magic {unknown}
 v - a potion of ambrosia {unknown}
Comestibles
 c - 4 rations {@e1}
 w - a chunk of flesh {@w0}


   Skills:
 + Level 3.8 Axes
 - Level 1.5 Dodging
 - Level 1.5 Stealth
 + Level 2.9 Spellcasting
 + Level 4.2 Conjurations
 + Level 4.8 Fire Magic


You had 3 spell levels left.
You knew the following spells:

 Your Spells              Type           Power        Failure   Level  Hunger
a - Flame Tongue          Conj/Fire      ###..        2%          1    #......
c - Conjure Flame         Conj/Fire      ###.....     9%          3    ###....
s - Sticky Flame          Conj/Fire      ###.....     28%         4    #####..


Dungeon Overview and Level Annotations

Branches:
Dungeon (4/15)
 Temple: D:4-7

Altars:
Ashenzari
Gozag
Vehumet


Message History

You hit the gnoll. The gnoll hits you with a club.
You take 4 damage, and have 41/45 hp.
Aim: a gnoll, wielding a flail The flame tongue hits the gnoll.
The gnoll hits you but does no damage.
You now have 9/10 mp.
Aim: a gnoll, wielding a flail The flame tongue hits the gnoll.
You kill the gnoll!
Vehumet accepts your kill. The gnoll barely misses you.
You now have 8/10 mp.
Aim: a gnoll, wielding a flail The flame tongue hits the gnoll.
You kill the gnoll!
Vehumet accepts your kill.
You feel your power returning.
You hit the gnoll.
The gnoll hits you from afar with a spear.
The gnoll hits you but does no damage.
A gnoll comes into view. It is wielding a whip of freezing.
You take 2 damage, and have 39/45 hp.
Aim: a gnoll, wielding a spear and wearing a scale mail The flame tongue hits the gnoll.
You kill the gnoll!
Vehumet accepts your kill.
You feel your power returning.
The gnoll shouts!
The gnoll hits you but does no damage.
Aim: a gnoll, wielding a spear and wearing a scale mail The flame tongue hits the gnoll.
The gnoll appears unharmed.
The gnoll barely misses you.
You now have 7/10 mp.
Aim: a gnoll, wielding a spear and wearing a scale mail The flame tongue hits the gnoll.
The gnoll closely misses you.
You now have 6/10 mp.
Aim: a gnoll, wielding a spear and wearing a scale mail The flame tongue hits the gnoll.
The gnoll appears unharmed.
The gnoll hits you but does no damage.
You now have 5/10 mp.
Aim: a gnoll, wielding a spear and wearing a scale mail The flame tongue hits the gnoll.
The gnoll completely misses you.
Aim: a gnoll, wielding a spear and wearing a scale mail The flame tongue hits the gnoll.
You kill the gnoll!
Vehumet accepts your kill.
A goblin comes into view. It is wielding a club.
You now have 4/10 mp.
Aim: a gnoll, wielding a spear and wearing a scale mail The flame tongue hits the gnoll.
The goblin shouts!
The gnoll hits you from afar with a spear!
You take 7 damage, and have 33/45 hp.
You now have 3/10 mp.
Aim: a gnoll, wielding a spear and wearing a scale mail (moderately wounded)
The flame tongue hits the gnoll.
The orc shouts!
The gnoll barely misses you.
You now have 2/10 mp.
Aim: a gnoll, wielding a spear and wearing a scale mail (severely wounded)
The flame tongue hits the gnoll.
You kill the gnoll!
Vehumet accepts your kill.
You have reached level 7!
The gnoll throws a throwing net.
The throwing net hits you.
You become entangled in the net!
You regained 4 hp, and now have 37/50 hp.
You now have 1/11 mp.
You struggle against the net.
You struggle against the net.
The gnoll hits you with a whip of freezing.
The gnoll freezes you.
You take 4 damage, and have 33/50 hp.
You struggle against the net.
The gnoll hits you with a whip of freezing!
The gnoll freezes you.
You take 13 damage, and have 20/50 hp.
MASSIVE DAMAGE!!
You struggle against the net.
The gnoll hits you but does no damage.
You shred the net and break free! The gnoll barely misses you.
Aim: an orc, wielding a flail The flame tongue hits the gnoll.
The gnoll appears unharmed.
The gnoll barely misses you.
You now have 1/11 mp.
Aim: an orc, wielding a flail The flame tongue hits the gnoll.
The gnoll hits you with a whip of freezing.
* * * LOW HITPOINT WARNING * * *
The gnoll freezes you.
* * * LOW HITPOINT WARNING * * *
You take 7 damage, and have 13/50 hp.
You now have 0/11 mp.
You hit the gnoll.
The gnoll hits you with a whip of freezing!
* * * LOW HITPOINT WARNING * * *
The gnoll freezes you.
* * * LOW HITPOINT WARNING * * *
You take 11 damage, and have 2/50 hp.
MASSIVE DAMAGE!!
You hit the gnoll but do no damage.
The gnoll hits you with a whip of freezing!
You die...

#..........##...# #
#..#...#.#.######################
#..###.#.#......................#
#. #.#.#.##########...#####....
#. #.#.#....................... #
#.#.#..#########...#####....
#.#.........# ##.## #.....
#.###..####.# ### #..... #.# #..#
#@# #..... #.# #..# #g# ####.....
#..# #g# .......... ...# #o#
########.# ###.# #.# #...
#....#.####.### #...
................ #8_8
..........#...#. #### #####.##..#
.#


You could see a gnoll, an orc and a goblin.

Vanquished Creatures
  A water moccasin skeleton (D:4)
  A hound (D:4)
  An orc priest (D:3)
  Jessica (D:2)
  Natasha (thrice) (D:2)
  Terence (D:2)
  A worker ant (D:2)
  Robin (D:2)
  4 adders (D:2)
  5 gnolls (D:3)
  An ooze (D:4)
  A worm (D:2)
  2 dart slugs
  4 orcs (D:3)
  A ball python (D:3)
  A giant cockroach (D:3)
  8 hobgoblins
  6 jackals
  2 quokkas (D:2)
  6 bats
  2 frilled lizards
  11 goblins
  8 kobolds
  5 rats
77 creatures vanquished.

Notes
Turn   | Place    | Note
-------+----------+-------------------------------------------
     0 | D:1      | Firecrotchwizard the Hill Orc Fire Elementalist began the quest for the Orb.
     0 | D:1      | Reached XP level 1. HP: 14/14 MP: 3/3
   201 | D:1      | Reached XP level 2. HP: 12/20 MP: 4/4
   948 | D:2      | Reached skill level 1 in Axes
   948 | D:2      | Reached skill level 2 in Conjurations
   948 | D:2      | Reached XP level 3. HP: 14/26 MP: 2/5
  1498 | D:2      | Reached skill level 2 in Spellcasting
  1553 | D:2      | Found a radiant altar of Vehumet.
  1595 | D:2      | Became a worshipper of Vehumet
  1648 | D:2      | Reached skill level 2 in Axes
  1648 | D:2      | Reached XP level 4. HP: 20/33 MP: 2/7
  1908 | D:2      | Noticed Natasha
  1914 | D:2      | Killed Natasha
  2026 | D:2      | Noticed Jessica
  2037 | D:2      | Killed Jessica
  2037 | D:2      | Reached skill level 3 in Conjurations
  2037 | D:2      | Reached skill level 4 in Fire Magic
  2037 | D:2      | Reached XP level 5. HP: 38/38 MP: 5/8
  2213 | D:2      | Noticed Terence
  2220 | D:2      | Killed Terence
  2264 | D:2      | Noticed Robin
  2310 | D:2      | Killed Robin
  2312 | D:2      | Reached * piety under Vehumet
  2312 | D:2      | Offered knowledge of Sting by Vehumet.
  2689 | D:2      | Noticed Natasha
  2700 | D:2      | Killed Natasha
  2929 | D:2      | Reached skill level 3 in Axes
  2929 | D:2      | Reached XP level 6. HP: 45/45 MP: 9/9
  2966 | D:2      | Noticed Natasha
  2975 | D:2      | HP: 10/45 [iron imp[Natasha] (8)]
  2976 | D:2      | Killed Natasha
  3593 | D:3      | Learned a level 3 spell: Conjure Flame
  3598 | D:3      | Learned a level 4 spell: Sticky Flame
  3757 | D:3      | You fall through a shaft!
  3785 | D:4      | Reached skill level 4 in Conjurations
  3934 | D:4      | Found a shattered altar of Ashenzari.
  4120 | D:3      | Found an opulent altar of Gozag.
  4208 | D:3      | Reached XP level 7. HP: 37/50 MP: 1/11
  4216 | D:3      | HP: 3/50 [gnoll/whip of freezing (11)]
  4217 | D:3      | Mangled by a gnoll

Vault maps used:
D:1:      minmay_arrival_plants_in_alcoves, minmay_misc_feat_hallway
D:2:      vehumet_crystals, st_stairs_13, uniq_robin, uniq_terence,
          uniq_natasha, uniq_jessica
D:3:      grunt_gozag_breadcrumbs, corexii_corridor_pit
D:4:      good_gods_mini_temple, cheibrodos_ashenzari_chains,
          nicolae_ru_path_of_blood, minmay_temple_entry_enclosed_plants,
          first_ration, serial_shops,
          nicolae_shop_temple_entry_statues_fountains, nicolae_shop_behind_doors

Skill      XL: |  1  2  3  4  5  6 |
---------------+-------------------+-----
Axes           | 1 2 3 |  3.8
Conjurations   | 2 3 4 |  4.2
Spellcasting   | 2 |  2.9
Fire Magic     | 4 |  4.8
Dodging        | |  1.5
Stealth        | |  1.5

Action                   |  1- 3 |  4- 6 |  7- 9 || total
-------------------------+-------+-------+-------++-------
Melee: Hand axe          |    61 |   140 |     2 ||   203
 Cast: Flame Tongue      |    18 |    36 |     3 ||    57
 Stab: Sleeping          |     3 |     4 |       ||     7
  Eat: Chunk             |     3 |     8 |       ||    11
Armor: Robe              |    11 |    17 |     1 ||    29
Dodge: Dodged            |    57 |   100 |     2 ||   159

Table legend:
 A = Spawn XP
 B = Non-spawn XP
 C = Spawn XP percentage of total XP
 D = Spawn monster count
 E = Non-spawn monster count
 F = Spawn count percentage of total count
 G = Total turns spent on level
                    A         B        C        D         E        F      G
               +---------+---------+-------+---------+---------+-------+---------
         Total |       0 |     620 |   0.0 |       0 |      77 |   0.0 |  4217
               +---------+---------+-------+---------+---------+-------+---------
           D:1 |       0 |      20 |   0.0 |       0 |      12 |   0.0 |   825
           D:2 |       0 |     348 |   0.0 |       0 |      45 |   0.0 |  2479
           D:3 |       0 |     134 |   0.0 |       0 |      17 |   0.0 |   708
           D:4 |       0 |     118 |   0.0 |       0 |       3 |   0.0 |   205
               +---------+---------+-------+---------+---------+-------+---------

Vault maps used:
D:1:      minmay_arrival_plants_in_alcoves, minmay_misc_feat_hallway
D:2:      vehumet_crystals, st_stairs_13, uniq_robin, uniq_terence,
          uniq_natasha, uniq_jessica
D:3:      grunt_gozag_breadcrumbs, corexii_corridor_pit
D:4:      good_gods_mini_temple, cheibrodos_ashenzari_chains,
          nicolae_ru_path_of_blood, minmay_temple_entry_enclosed_plants,
          first_ration, serial_shops,
          nicolae_shop_temple_entry_statues_fountains, nicolae_shop_behind_doors

Table legend:
 A = Turns spent in this place as a percentage of turns spent in the entire game.
 B = Non-inter-level travel turns spent in this place as a percentage of non-inter-level travel turns spent in the entire game.
 C = Inter-level travel turns spent in this place as a percentage of turns spent in this place.
 D = Turns resting spent in this place as a percentage of non-inter-level travel turns spent in this place.
 E = Turns spent auto-exploring this place as a percentage of non-inter-level travel turns spent in this place.
 F = Non-inter-level travel turns spent in this place divided by the number of levels of this place that you've seen.
                   A       B       C       D       E      F
               +-------+-------+-------+-------+-------+----------------------
         Total | 100.0 | 100.0 |   4.9 |  48.2 |  34.6 | 1003.0
       Dungeon | 100.0 | 100.0 |   4.9 |  48.2 |  34.6 | 1003.0
               +-------+-------+-------+-------+-------+----------------------

Table legend:
 A = Kills in this place as a percentage of kills in entire the game.
 B = Kills by you in this place as a percentage of kills by you in the entire game.
 C = Kills by friends in this place as a percentage of kills by friends in the entire game.
 D = Other kills in this place as a percentage of other kills in the entire game.
 E = Experience gained in this place as a percentage of experience gained in the entire game.
 F = Experience gained in this place divided by the number of levels of this place that you have seen.
                   A       B       C       D       E      F
               +-------+-------+-------+-------+-------+----------------------
         Total | 100.0 | 100.0 |   N/A |   N/A | 100.0 | 155.0
       Dungeon | 100.0 | 100.0 |   N/A |   N/A | 100.0 | 155.0
               +-------+-------+-------+-------+-------+----------------------
